Map: Acropolis LE

Players

LiquidTLO (TLO) - Winner!

  • Race: Zerg Zerg
  • League: Master
  • Spawn Location: 11:00

TSGSolar (Solar)

  • Race: Zerg Zerg
  • League: Diamond
  • Spawn Location: 5:00

Event: HomeStory Cup XX

VOD

Have the link to the VOD?

Description

Time

  • Played on: Nov. 21, 2019, 6:07 a.m.
  • Length: 12:28

All games in this series

Show
View Real Time Build Order
Export as new Build Order

LiquidTLO Zerg - Winner!

Build Orders: Hatch First 

Get SALT Encoding   

  12  0:00  Drone  
  13  0:13  Overlord  
  13  0:17  Drone  
  14  0:31  Drone x2  
  16  0:47  Hatchery  
  15  0:51  Drone  
  15  0:55  Drone  
  17  1:09  Spawning Pool  
  17  1:11  Drone  
  17  1:15  Drone  
  18  1:35  Hatchery  
  18  1:37  Drone  
  18  1:41  Drone  
  18  1:45  Drone  
  20  1:55  Queen  
  22  2:02  Queen  
  22  2:07  Overlord  
  24  2:10  Drone  
  24  2:12  Drone  
  24  2:15  Drone  
  27  2:19  Drone  
  28  2:25  Zergling x2  
  28  2:27  Drone  
  30  2:31  Queen  
  30  2:35  Drone x2  
  34  2:41  Queen  
  36  2:48  Queen  
  38  2:51  Overlord  
  38  2:54  Drone  
  39  3:00  Drone  
  39  3:03  Extractor  
  39  3:04  Extractor, Drone, Spine Crawler  
  38  3:06  Drone  
  38  3:08  Drone  
  38  3:11  Drone  
  41  3:17  Drone  
  41  3:18  Evolution Chamber  
  41  3:21  Drone  
  41  3:22  Overlord  
  41  3:23  Drone  
  43  3:30  Drone x2  
  43  3:31  Overlord  
  45  3:39  Drone  
  46  3:41  Overlord  
  46  3:42  Drone  
  46  3:44  Drone x2  
  46  3:46  Drone  
  46  3:47  Drone  
  51  3:51  Drone  
  51  3:52  Drone  
  51  3:53  Drone  
  54  3:58  Drone x2  
  54  3:59  Drone  
  54  4:00  Drone  
  58  4:05  Lair  
  58  4:07  Drone  
  59  4:13  Roach Warren  
  59  4:14  Zerg Missile Weapons Level 1  
  59  4:15  Drone  
  59  4:17  Drone  
  59  4:18  Drone  
  59  4:20  Extractor  
  59  4:21  Extractor, Drone  
  59  4:24  Drone  
  60  4:25  Drone  
  60  4:26  Drone x2  
  60  4:28  Drone  
  60  4:29  Drone  
  65  4:33  Drone  
  65  4:34  Drone, Evolution Chamber  
  65  4:37  Pneumatized Carapace  
  66  4:39  Drone  
  66  4:40  Drone  
  68  4:47  Drone  
  68  4:48  Drone  
  68  4:52  Extractor x2  
  68  4:53  Drone, Roach  
  68  4:54  Roach  
  68  4:55  Overlord  
  68  4:57  Drone, Overlord  
  74  5:04  Overseer  
  74  5:06  Glial Reconstitution  
  74  5:13  Overlord  
  74  5:15  Drone x3  
  74  5:16  Zerg Ground Armor Level 1  
  74  5:18  Roach x2  
  81  5:25  Drone  
  81  5:26  Roach  
  81  5:27  Drone  
  85  5:28  Hatchery  
  85  5:29  Drone  
  85  5:30  Drone x2  
  85  5:34  Roach x2  
  91  5:37  Roach  
  91  5:38  Drone  
  91  5:41  Overlord  
  94  5:45  Overlord  
  94  5:46  Roach  
  94  5:49  Infestation Pit, Overlord  
  95  5:52  Overlord  
  95  5:54  Roach  
  97  5:58  Overlord  
  97  5:59  Roach  
  97  6:01  Drone, Roach  
  97  6:02  Ravager x3  
  97  6:03  Ravager  
  106  6:04  Roach  
  106  6:11  Roach x4  
  112  6:16  Zerg Missile Weapons Level 2  
  120  6:18  Roach x2  
  120  6:20  Roach  
  120  6:21  Overseer  
  120  6:25  Roach x2  
  126  6:26  Roach  
  126  6:30  Roach  
  132  6:33  Roach x3  
  132  6:34  Roach  
  138  6:40  Spore Crawler, Overlord  
  138  6:41  Drone x2  
  138  6:42  Drone  
  138  6:44  Drone  
  141  6:49  Roach  
  143  6:54  Drone  
  143  6:55  Overlord x3  
  143  6:56  Spore Crawler  
  143  6:57  Overlord  
  143  7:01  Pathogen Glands  
  143  7:04  Drone x2  
  143  7:05  Extractor  
  144  7:10  Roach x2  
  144  7:11  Roach x2  
  144  7:13  Roach  
  144  7:15  Roach  
  156  7:16  Roach  
  156  7:19  Roach  
  156  7:20  Roach  
  156  7:21  Roach  
  164  7:23  Roach  
  166  7:31  Zerg Ground Armor Level 2  
  166  7:32  Roach  
  166  7:33  Roach  
  170  7:37  Hive  
  170  7:38  Infestor  
  172  7:45  Roach  
  172  7:46  Roach x3  
  172  7:49  Roach x2  
  184  7:55  Overlord  
  184  8:07  Infestor  
  184  8:11  Infestor x2  
  184  8:17  Roach x2  
  184  8:18  Roach  
  184  8:19  Roach x2  
  192  8:22  Roach  
  192  8:23  Roach  
  192  8:24  Roach  
  190  8:28  Roach  
  185  8:41  Roach  
  185  8:44  Queen, Roach  
  185  8:47  Roach  
  185  8:48  Roach x9  
  178  8:50  Roach x3  
  178  8:53  Roach x4  
  192  8:57  Roach x2  
  192  9:08  Extractor, Zerg Missile Weapons Level 3  
  191  9:19  Overlord  
  191  9:31  Overlord  
  191  9:34  Ravager  
  191  9:35  Overlord  
  192  9:39  Roach  
  192  9:41  Roach  
  192  9:43  Roach x2  
  198  9:53  Roach  
  198  9:56  Roach  
  200  10:02  Roach  
  200  10:05  Roach x6  
  200  10:13  Extractor  
  198  10:14  Roach  
  198  10:18  Roach  
  198  10:19  Roach x7  
  200  10:21  Hatchery  
  200  10:24  Roach  
  200  10:26  Roach  
  187  10:31  Roach  
  187  10:34  Roach x2  
  187  10:35  Roach x9  
  197  10:38  Roach x2  
  197  10:42  Roach  
  199  10:48  Overseer x2  
  199  10:55  Overseer  
  199  10:57  Overseer  
  199  11:02  Burrow  
  199  11:06  Roach  
  199  11:09  Zergling x2  
  199  11:11  Roach  
  200  11:25  Roach  
  200  11:28  Roach  
  200  11:31  Roach  
  200  11:32  Roach  
  200  11:34  Roach  
  200  11:37  Roach x3  
  200  11:39  Roach  
  174  11:41  Roach x3  
  174  11:42  Roach  
  174  11:43  Roach  
  174  11:44  Roach x2  
  174  11:46  Roach  
  155  11:47  Roach  
  155  11:48  Roach x2  
  155  11:50  Roach  
  155  11:53  Roach  
  153  11:56  Ravager  
  153  11:57  Ravager x2  
  153  11:58  Ravager  
  153  11:59  Ravager  
  158  12:03  Roach  
  158  12:04  Ravager  
  158  12:05  Ravager  
  158  12:07  Ravager  
Show
View Real Time Build Order
Export as new Build Order

TSGSolar Zerg 

Build Orders: Hatch First, Lurkers 

Get SALT Encoding   

  12  0:01  Drone  
  13  0:12  Overlord  
  13  0:16  Drone  
  14  0:31  Drone x2  
  16  0:47  Hatchery  
  15  0:51  Drone  
  15  0:54  Drone  
  17  0:58  Drone  
  18  1:09  Extractor  
  17  1:13  Spawning Pool  
  17  1:16  Drone  
  17  1:19  Drone  
  18  1:27  Drone  
  19  1:38  Drone  
  20  1:49  Overlord  
  20  2:00  Queen x2, Drone  
  20  2:01  Zergling x2  
  26  2:10  Drone x2  
  26  2:11  Metabolic Boost  
  28  2:21  Drone x2  
  30  2:34  Hatchery  
  30  2:36  Drone  
  30  2:39  Drone  
  31  2:45  Queen  
  31  2:49  Overlord  
  33  2:53  Drone  
  33  2:56  Drone  
  35  3:03  Drone  
  35  3:04  Drone, Baneling Nest  
  36  3:09  Drone x2  
  36  3:11  Drone  
  36  3:12  Zergling x2  
  40  3:16  Drone  
  40  3:19  Drone x2  
  43  3:20  Evolution Chamber  
  43  3:23  Overlord  
  43  3:26  Drone  
  44  3:32  Overlord  
  43  3:42  Drone x2  
  43  3:43  Drone x3  
  43  3:47  Zerg Missile Weapons Level 1, Drone x2  
  50  3:50  Drone  
  50  3:53  Drone x2  
  50  3:54  Lair  
  52  3:56  Drone  
  52  3:58  Drone  
  54  4:04  Drone, Roach Warren  
  54  4:07  Extractor, Drone  
  54  4:08  Extractor  
  54  4:09  Drone x2  
  55  4:13  Overlord  
  55  4:16  Drone x3  
  58  4:19  Zergling x4  
  58  4:20  Drone  
  58  4:23  Drone  
  62  4:24  Drone  
  62  4:25  Drone x2  
  62  4:29  Overlord  
  65  4:34  Drone x3  
  65  4:38  Overlord  
  68  4:41  Extractor, Pneumatized Carapace  
  68  4:42  Extractor, Drone  
  68  4:44  Drone x4  
  71  4:47  Drone x2  
  71  4:48  Drone  
  71  4:51  Overlord  
  71  4:52  Extractor  
  73  4:56  Tunneling Claws  
  73  4:59  Drone  
  75  5:00  Drone x2  
  75  5:01  Overlord  
  75  5:03  Overseer  
  75  5:06  Roach  
  78  5:08  Roach  
  78  5:09  Overlord  
  80  5:15  Hatchery  
  80  5:18  Roach x2  
  80  5:20  Overlord  
  83  5:21  Overlord  
  83  5:24  Drone  
  83  5:26  Drone x2, Evolution Chamber  
  85  5:33  Overlord  
  85  5:34  Overlord  
  85  5:36  Roach x3  
  85  5:39  Drone x2  
  85  5:41  Overlord  
  93  5:43  Overlord  
  93  5:49  Roach x2  
  97  5:52  Overlord  
  97  6:00  Roach x7  
  112  6:04  Drone  
  112  6:05  Spore Crawler  
  112  6:07  Roach  
  113  6:12  Roach x4  
  113  6:14  Glial Reconstitution  
  113  6:15  Roach  
  113  6:18  Zerg Missile Weapons Level 2  
  123  6:19  Zerg Ground Armor Level 1  
  123  6:21  Drone  
  124  6:26  Roach  
  124  6:27  Roach  
  124  6:29  Queen  
  124  6:30  Drone x4  
  124  6:32  Extractor  
  133  6:33  Burrow  
  133  6:37  Roach x4  
  133  6:39  Overlord  
  141  6:43  Roach x2  
  141  6:44  Roach  
  147  6:48  Drone  
  147  6:50  Infestation Pit, Overlord  
  147  6:52  Roach  
  147  6:53  Roach  
  145  6:54  Ravager x4  
  145  6:58  Roach x2  
  153  7:02  Roach x4  
  153  7:06  Overlord  
  161  7:10  Roach x4  
  161  7:12  Overlord  
  161  7:15  Overlord  
  169  7:18  Roach  
  169  7:19  Roach x2  
  175  7:25  Overlord  
  175  7:27  Roach x3  
  175  7:28  Roach  
  183  7:30  Hive  
  183  7:34  Roach x3  
  183  7:36  Roach  
  193  7:37  Roach  
  193  7:40  Roach x2  
  193  7:42  Roach  
  193  7:44  Overseer  
  199  7:47  Roach x2  
  199  7:51  Overlord  
  199  8:04  Hydralisk Den  
  199  8:05  Roach x5  
  200  8:08  Roach x5  
  200  8:12  Queen  
  194  8:15  Overseer  
  194  8:16  Drone x3  
  194  8:25  Zerg Ground Armor Level 2, Drone  
  194  8:26  Spine Crawler, Roach x2  
  193  8:31  Roach x5  
  195  8:43  Roach x2  
  195  8:45  Roach x4  
  188  8:49  Roach x2  
  188  8:51  Roach x2  
  188  8:52  Roach x23  
  188  8:53  Roach  
  188  8:54  Roach x9  
  196  8:57  Roach x2  
  190  9:03  Lurker Den  
  190  9:08  Roach x4  
  196  9:14  Roach x41  
  194  9:20  Ravager x5  
  194  9:21  Ravager  
  194  9:22  Extractor  
  194  9:23  Zerg Missile Weapons Level 3  
  199  9:26  Roach x3  
  198  9:33  Hatchery  
  198  9:36  Spore Crawler, Hydralisk x2  
  200  9:51  Hydralisk  
  200  9:52  Roach  
  200  9:53  Roach x2  
  200  9:54  Roach  
  200  9:57  Roach x6  
  200  9:59  Roach  
  200  10:03  Hydralisk x8  
  196  10:10  Grooved Spines, Adaptive Talons  
  196  10:13  Roach x2  
  200  10:15  Roach x2  
  200  10:16  Roach  
  200  10:18  Roach x2  
  200  10:20  Roach x2  
  188  10:23  Roach x2  
  188  10:26  Roach x3  
  192  10:28  Roach  
  192  10:30  Roach  
  192  10:32  Roach  
  192  10:33  Roach  
  184  10:36  Roach  
  184  10:41  Drone x10  
  184  10:42  Lurker  
  177  10:44  Lurker  
  177  10:46  Roach x3  
  178  10:51  Overlord  
  178  10:56  Lurker  
  179  10:57  Hatchery  
  179  10:58  Lurker  
  179  11:02  Seismic Spines  
  183  11:04  Roach x5  
  183  11:09  Ravager  
  184  11:21  Roach x2  
  188  11:28  Roach x2  
  188  11:29  Roach x3  
  193  11:33  Roach x3  
  193  11:35  Roach  
  193  11:36  Roach  
  193  11:39  Roach x2  
  172  11:45  Roach x2  
  172  11:46  Roach  
  159  11:49  Roach  
  159  11:51  Roach  
  132  11:56  Roach x2  
  134  12:01  Roach  
  134  12:02  Roach  
  134  12:04  Ravager x2  
Tags
 
Add a new tag
Caveats
  • Supply blocks, unpowered buildings, or Contaminate may cause inaccurate times.
  • Supply counts are checked every 10 seconds.